 Dungeon Crawl Stone Soup version 0.27.1-1-g398f81649c (webtiles) character file.

Game seed: 14919055420358647643

149447 pkoi the Brawler (level 16, -7/247 HPs)
             Began as a Troll Berserker on Sept 10, 2021.
             Was the Champion of Trog.
             Hit by a silver javelin thrown by a merfolk javelineer (22 damage)
             ... on level 2 of the Shoals on Sept 13, 2021.
             The game lasted 00:42:50 (23077 turns).

pkoi the Brawler (Troll Berserker)                 Turns: 23077, Time: 00:42:51

Health: -7/247     AC: 15    Str: 34    XL:     16   Next: 96%
Magic:  0/15       EV: 14    Int:  4    God:    Trog [******]
Gold:   1695       SH:  0    Dex: 13    Spells: 15/15 levels left

rFire    . . .     SeeInvis .     - Unarmed
rCold    . . .     Faith    .   (no shield)
rNeg     . . .     Spirit   +   c - +0 swamp dragon scales
rPois    +         Reflect  .   b - +1 hat {Stlth+}
rElec    .         Harm     .   G - +2 cloak of Pantheism {-Cast Regen+ Str+3 Dex+4}
rCorr    .         Rampage  .   (gloves unavailable)
Will     +....     NoCast   +   (boots unavailable)
Stlth    ..........             z - amulet of guardian spirit
HPRegen  2.51/turn              m - +4 ring of slaying
MPRegen  0.14/turn              h - +4 ring of slaying

@: berserking, slow
A: large, unfitting armour, claws 3, regeneration 1, shaggy fur 1, tough skin 1,
dopey 1, MP-powered wands
a: Renounce Religion, Berserk, Trog's Hand, Brothers in Arms


You were on level 2 of the Shoals.
You worshipped Trog.
Trog was exalted by your worship.
You visited 5 branches of the dungeon, and saw 25 of its levels.
You also visited: Ossuary and Volcano.

You collected 3733 gold pieces.
You spent 2038 gold pieces at shops.

Inventory:

Missiles
 n - 31 poisoned darts
 A - 3 throwing nets
 C - 31 boomerangs (quivered)
 F - 13 large rocks
 M - 7 javelins
Armour
 b - a +1 hat of stealth (worn)
 c - +0 swamp dragon scales (worn)
 B - a +2 cloak of willpower
 G - the +2 cloak of Pantheism (worn) {-Cast Regen+ Str+3 Dex+4}
   (You acquired it on level 2 of the Orcish Mines)

   Str:       It affects your strength (+3).
   Dex:       It affects your dexterity (+4).
   -Cast:     It prevents spellcasting.
   Regen:     It increases your rate of health regeneration.
Jewellery
 h - a +4 ring of slaying (right claw)
 m - a +4 ring of slaying (left claw)
 z - an amulet of guardian spirit (around neck)
 D - the ring "Wautun" {rN+ Will+ Dex+6}
   (You found it on level 6 of the Lair of Beasts)

   [ring of dexterity]

   Dex:       It affects your dexterity (+6).
   rN:        It protects you from negative energy.
   Will:      It increases your willpower.
 J - a ring of see invisible
 K - a +4 ring of evasion
 L - a ring of protection from fire
Wands
 a - a wand of polymorph (26)
 e - a wand of flame (42)
 f - a wand of iceblast (88)
 i - a wand of digging (10)
 q - a wand of paralysis (30)
 s - a wand of charming (13)
 I - a wand of mindburst (18)
Scrolls
 d - 8 scrolls of identify
 g - 2 scrolls of summoning
 k - 9 scrolls of teleportation
 p - a scroll of enchant armour
 t - 2 scrolls of enchant weapon
 u - a scroll of blinking
 x - 2 scrolls of fear
 y - 3 scrolls of silence
 H - a scroll of magic mapping
Potions
 j - 6 potions of heal wounds
 l - 2 potions of resistance
 o - 4 potions of berserk rage
 r - 11 potions of curing
 v - a potion of magic
 w - 2 potions of cancellation
 E - 3 potions of might
 N - a potion of invisibility


   Skills:
 + Level 11.7 Fighting
 + Level 6.9 Throwing
 + Level 7.7 Armour
 + Level 11.8 Dodging
 + Level 18.2 Unarmed Combat
 - Level 5.1 Evocations


You had 15 spell levels left.
You didn't know any spells.
Your spell library was empty.

Dungeon Overview and Level Annotations

Branches:
Dungeon (14/15)            Temple (1/1) D:4            Lair (6/6) D:9
 Shoals (2/4) Lair:2        Snake (0/4) Lair:4        Slime (0/5) Lair:5
    Orc (2/2) D:10            Elf (0/3) Orc:2        Vaults (0/5) D:14
Ossuary (visited)         Volcano (visited)

Altars:
Ashenzari
Cheibriados
Dithmenos
Elyvilon
Fedhas
Gozag
Hepliaklqana
Kikubaaqudgha
Makhleb
Nemelex Xobeh
Okawaru
Qazlal
Ru
Sif Muna
Trog
Uskayaw
Vehumet
Wu Jian
Xom
Yredelemnul
Zin
The Shining One
Jiyva
Lugonu

Shops:
D:2 *   D:7 =   D:8 (   D:12 [   Orc:2 =?*?   Shoals:2 (

Portals:
Abyss: D:6 D:14

Annotations:
D:6 2 transporters, chaosape's ghost, novice GnWn
Lair:5 exclusion: oklob plant


Innate Abilities, Weirdness & Mutations

You are too large for most types of armour.
You have claws for hands.
Your natural rate of healing is unusually fast.
You are covered in fur. (AC +1)
You have tough skin. (AC +1)
You are dopey. (Int -2)
You expend magic power (3 MP) to strengthen your wands.


Message History

The silver sears you!
* * * LOW HITPOINT WARNING * * *
The merfolk hits you with a +0 trident!
* * * LOW HITPOINT WARNING * * *
The merfolk hits you with a +0 trident!
* * * LOW HITPOINT WARNING * * *
A snapping turtle comes into view.
A red film seems to cover your vision as you go berserk!
You feel yourself moving faster!
You feel mighty! The merfolk hits you with a +0 trident!
* * * LOW HITPOINT WARNING * * *
The merfolk javelineer throws a silver javelin.
The silver javelin barely misses you.
The merfolk hits you but does no damage.
You barely miss the merfolk javelineer.
The merfolk javelineer is moderately wounded.
You completely miss the merfolk javelineer.
The merfolk javelineer is moderately wounded.
The merfolk javelineer throws a silver javelin.
The silver javelin pierces through you!
* * * LOW HITPOINT WARNING * * *
The silver sears you!
* * * LOW HITPOINT WARNING * * *
The merfolk hits you with a +0 trident.
* * * LOW HITPOINT WARNING * * *
The merfolk hits you with a +0 trident!
* * * LOW HITPOINT WARNING * * *
You eviscerate the merfolk javelineer!!!
Your claw misses the merfolk javelineer.
The merfolk javelineer is almost dead.
Unknown command.
You eviscerate the merfolk!!!
You kill the merfolk!
Trog accepts your kill.
You hear a splash. x2
The merfolk hits you with a +0 trident!
* * * LOW HITPOINT WARNING * * *
The merfolk javelineer throws a silver javelin.
The silver javelin pierces through you!!
You die...

≈≈≈≈≈≈≈≈≈≈.#
≈≈≈≈≈≈≈≈≈≈.##
#.≈≈≈≈≈≈≈≈.(###
#.≈≈≈≈≈≈≈≈≈............#
#.≈≈≈≈≈≈≈≈≈≈≈≈≈........#
#[≈≈≈....≈≈≈≈≈≈≈≈≈..≈≈..
.≈≈≈≈≈mm.≈≈≈≈≈≈≈≈≈≈≈≈≈≈≈
≈≈≈t≈≈≈@≈≈≈≈≈≈≈≈≈≈≈≈≈≈≈≈
≈≈≈≈≈≈)≈≈.≈≈≈≈≈≈≈≈≈≈≈≈≈≈
≈≈≈≈≈≈≈≈≈...≈≈≈≈≈≈≈≈≈≈≈≈
≈≈≈≈≈≈≈.###..≈≈≈≈≈≈.....
≈≈≈≈≈≈≈.# ##.≈≈≈≈≈..###.
≈≈≈≈≈≈≈.###..≈≈≈≈≈.(# #.
≈≈≈≈≈≈≈≈....≈.≈≈≈..####.
≈≈≈≈≈≈≈≈≈...≈≈≈≈≈≈..#...
≈≈≈≈≈≈≈≈≈......≈≈≈.....≈


You could see a merfolk javelineer, a snapping turtle and a merfolk.

Vanquished Creatures
  Rupert (Lair:3)
  Frances (D:14)
  Gastronok (D:8)
  Kirke (D:13)
  An orc warlord (D:10)
  A red draconian (Volcano)
  3 merfolk impalers
  A fire dragon (Lair:6)
  Josephine (D:13)
  4 vault guards
  The ghost of zdrol the Carver, a journeyman MiFi (D:11)
  12 hydras
  A merfolk avatar (Shoals:2)
  3 centaur warriors (D:14)
  7 catoblepae
  5 death yaks
  Erica (Orc:1)
  A death knight (D:12)
  8 two-headed ogres
  A satyr (Shoals:2)
  Urug (D:12)
  A tengu warrior (D:13)
  5 orc high priests
  A salamander mystic (Volcano)
  4 sea snakes
  A fire crab (Lair:5)
  A swamp dragon (Lair:6)
  A wizard (D:14)
  2 deep elf pyromancers (D:13)
  4 orc knights
  3 salamanders (Volcano)
  9 ugly things
  4 manticores (Shoals:2)
  2 cyclopes
  6 fauns (Shoals:2)
  A water nymph (Shoals:1)
  5 merfolk sirens
  7 black mambas
  2 unseen horrors
  14 cane toads
  3 gargoyles
  Maggie (D:8)
  A kobold demonologist (D:12)
  3 rime drakes
  5 komodo dragons
  An efreet (D:13)
  2 tengu conjurers
  5 trolls
  3 meliai (D:14)
  8 merfolk
  11 polar bears
  A raiju (Lair:6)
  A wind drake (Shoals:1)
  9 blink frogs (Lair:6)
  3 slime creatures (D:12)
  A hornet (D:8)
  2 snapping turtles (Shoals:2)
  12 dream sheep
  A centaur simulacrum (D:14)
  A vampire (D:8)
  A shadow (D:11)
  3 wyverns
  7 fire bats (Volcano)
  5 wraiths
  47 yaks
  3 basilisks
  Grum (D:9)
  3 steam dragons
  6 vampire mosquitoes
  14 wargs
  2 acid dragons (Lair:6)
  15 water moccasins
  Duvessa (D:7)
  16 hell hounds
  An ice beast (D:5)
  3 sky beasts
  13 black bears
  A swamp drake (Lair:6)
  A hornet zombie (D:5)
  3 necrophages
  27 orc warriors
  9 ogres
  4 boggarts (D:14)
  21 wolves
  11 centaurs
  4 bullfrogs
  3 scorpions
  Dowan (D:7)
  A wyvern skeleton (D:7)
  3 water moccasin skeletons
  5 killer bees
  6 howler monkeys
  6 electric eels
  A human zombie (Ossuary)
  5 centaur zombies
  9 lava snakes (Volcano)
  3 jellies
  3 gnoll shamans
  A hound (D:6)
  A bullfrog skeleton (D:5)
  33 orc priests
  A centaur skeleton (D:6)
  Crazy Yiuf (D:7)
  7 iguanas
  23 orc wizards
  4 hell rats (Lair:2)
  A killer bee zombie (D:7)
  A hound skeleton (D:4)
  2 mummies (Ossuary)
  A howler monkey zombie (D:7)
  15 gnolls
  5 adders
  4 shadow imps
  4 white imps
  An ufetubus (D:5)
  2 adder zombies (Ossuary)
  2 worms
  2 dart slugs
  86 orcs
  2 ball pythons
  4 endoplasms
  2 giant cockroaches
  6 goblins
  11 hobgoblins
  2 jackals (D:4)
  4 kobolds
  A bat (D:2)
  6 frilled lizards
  4 goblin zombies (Ossuary)
  8 hobgoblin zombies (Ossuary)
  3 jackal zombies (Ossuary)
  6 kobold zombies (Ossuary)
  11 orc zombies (Ossuary)
  2 rats (D:3)
  A lurking horror (D:14)
741 creatures vanquished.

Vanquished Creatures (collateral kills)
  2 orc warriors (D:10)
  An adder (D:5)
  An orc (D:10)
4 creatures vanquished.

Vanquished Creatures (others)
  3 humans (D:13)
  18 fungi
  54 plants
  8 tentacles (Shoals:1)
83 creatures vanquished.

Grand Total: 828 creatures vanquished

Notes
Turn   | Place    | Note
-------+----------+-------------------------------------------
     0 | D:1      | pkoi the Troll Berserker began the quest for the Orb.
     0 | D:1      | Reached XP level 1. HP: 22/22 MP: 0/0
   236 | D:1      | Reached XP level 2. HP: 29/29 MP: 1/1
   246 | D:1      | Found a faded altar of an unknown god.
   695 | D:2      | Reached skill level 4 in Unarmed Combat
   710 | D:2      | Found Vefusuc's Assorted Antiques.
   814 | D:2      | Reached XP level 3. HP: 36/36 MP: 2/2
  1306 | D:3      | Found a sacrificial altar of Ru.
  1389 | D:3      | Reached ** piety under Trog
  1410 | D:3      | Reached skill level 5 in Unarmed Combat
  1410 | D:3      | Reached XP level 4. HP: 44/44 MP: 3/3
  1898 | D:4      | Reached XP level 5. HP: 46/50 MP: 4/4
  1912 | D:4      | Reached skill level 6 in Unarmed Combat
  1989 | D:4      | Noticed an ogre
  1996 | D:4      | Killed an ogre
  2111 | D:4      | Found a stormy altar of Qazlal.
  2218 | D:4      | Found a staircase to the Ecumenical Temple.
  2349 | D:4      | Reached XP level 6. HP: 59/59 MP: 5/5
  2396 | D:4      | Found a radiant altar of Vehumet.
  2566 | Temple   | Entered the Ecumenical Temple
  2709 | D:5      | Entered Level 5 of the Dungeon
  2738 | D:5      | Reached skill level 7 in Unarmed Combat
  2744 | D:5      | Noticed an ice beast
  2750 | D:5      | Killed an ice beast
  2834 | D:5      | Reached skill level 8 in Unarmed Combat
  2834 | D:5      | Reached XP level 7. HP: 62/66 MP: 6/6
  2949 | D:5      | Reached *** piety under Trog
  3142 | D:5      | Found a sand-covered staircase.
  3156 | Ossuary  | Entered an ossuary
  3288 | Ossuary  | Reached skill level 9 in Unarmed Combat
  3299 | Ossuary  | Reached **** piety under Trog
  3489 | D:5      | Found a glowing golden altar of the Shining One.
  3806 | D:6      | Reached skill level 10 in Unarmed Combat
  3806 | D:6      | Reached XP level 8. HP: 74/74 MP: 7/7
  3902 | D:6      | Reached skill level 1 in Throwing
  3902 | D:6      | Reached skill level 1 in Armour
  4084 | D:6      | Found a transporter.
  4090 | D:6      | Found a one-way gate to the infinite horrors of the Abyss.
  4090 | D:6      | Noticed chaosape's ghost (novice GnWn)
  4175 | D:6      | Found a transporter.
  4442 | D:6      | Found a broken altar of Ashenzari.
  4859 | D:7      | Reached XP level 9. HP: 70/83 MP: 8/8
  5032 | D:7      | Reached ***** piety under Trog
  5034 | D:7      | Found an opulent altar of Gozag.
  5250 | D:7      | Found an ornate altar of the Wu Jian Council.
  5317 | D:7      | Noticed Dowan
  5319 | D:7      | Noticed Duvessa
  5322 | D:7      | Found Ken Ymyb's Jewellery Emporium.
  5327 | D:7      | Killed Duvessa
  5328 | D:7      | Killed Dowan
  5512 | D:7      | Found a runed translucent door.
  5513 | D:7      | Noticed Crazy Yiuf
  5519 | D:7      | Killed Crazy Yiuf
  5521 | D:7      | Identified the +6 mace of Guile {vorpal, Int+3}
  5660 | D:8      | Lost intelligence.
  5660 | D:8      | Gained mutation: You are dopey. (Int -2) [potion of
                  | mutation]
  5660 | D:8      | Gained mutation: You expend magic power (3 MP) to
                  | strengthen your wands. [potion of mutation]
  5845 | D:8      | Noticed Gastronok
  5858 | D:8      | Killed Gastronok
  5859 | D:8      | Reached skill level 5 in Fighting
  5859 | D:8      | Reached skill level 5 in Dodging
  5859 | D:8      | Reached skill level 11 in Unarmed Combat
  5859 | D:8      | Reached XP level 10. HP: 96/96 MP: 6/9
  6191 | D:8      | Found Xujef's Antique Weapon Boutique.
  6222 | D:8      | Noticed Maggie
  6229 | D:8      | Killed Maggie
  6328 | D:8      | Found a faded altar of an unknown god.
  6329 | D:8      | Found a hazy altar of Hepliaklqana.
  6405 | D:9      | Found a staircase to the Lair.
  6416 | D:9      | Identified the +4 giant spiked club of Absolutism {vorpal,
                  | Contam rF+ rC+ Dex+4} (Trog gifted it to you on level 9 of
                  | the Dungeon)
  6416 | D:9      | Received a gift from Trog
  6444 | D:9      | Found a sparkling altar of Nemelex Xobeh.
  6531 | D:9      | Reached skill level 5 in Armour
  6631 | D:9      | Identified a scroll of acquirement
  6631 | D:9      | Acquired 841 gold pieces
  6715 | D:7      | Bought a +4 ring of slaying for 936 gold pieces
  6774 | D:9      | Reached XP level 11. HP: 91/105 MP: 7/10
  7020 | D:9      | Found an ancient bone altar of Kikubaaqudgha.
  7054 | D:9      | Noticed Grum
  7228 | D:9      | Killed Grum
  7582 | Lair:1   | Entered Level 1 of the Lair of Beasts
  7605 | D:9      | Reached skill level 12 in Unarmed Combat
  7803 | Lair:1   | Noticed a six-headed hydra
  7809 | Lair:1   | Killed a nine-headed hydra
  8882 | Lair:2   | Received a gift from Trog
  9179 | Lair:2   | Found a staircase to the Shoals.
  9345 | Lair:2   | Reached XP level 12. HP: 95/118 MP: 9/11
  9690 | Lair:3   | Noticed Rupert
  9894 | Lair:3   | Killed Rupert
 10224 | Lair:3   | Noticed a catoblepas
 10254 | Lair:3   | Killed a catoblepas
 10463 | Lair:4   | Noticed a six-headed hydra
 10475 | Lair:4   | Killed a ten-headed hydra
 10476 | Lair:4   | Reached skill level 13 in Unarmed Combat
 10527 | Lair:4   | Found a staircase to the Snake Pit.
 10547 | Lair:4   | Reached XP level 13. HP: 130/130 MP: 12/12
 10548 | Lair:4   | Reached skill level 14 in Unarmed Combat
 10548 | Lair:4   | Reached XP level 14. HP: 140/140 MP: 13/13
 10780 | Lair:4   | Found a dark tunnel.
 10791 | Volcano  | Entered a volcano
 10979 | Volcano  | Reached skill level 1 in Evocations
 11092 | Volcano  | Found a radiant altar of Vehumet.
 11779 | Lair:5   | Reached skill level 10 in Dodging
 12044 | Lair:5   | Reached skill level 10 in Fighting
 12093 | Lair:5   | Found a staircase to the Slime Pits.
 12375 | Lair:6   | Entered Level 6 of the Lair of Beasts
 12520 | Lair:6   | Received a gift from Trog
 12621 | Lair:6   | Reached XP level 15. HP: 71/149 MP: 7/14
 13169 | Lair:6   | Reached skill level 15 in Unarmed Combat
 13240 | Lair:6   | Received a gift from Trog
 13641 | Lair:6   | Found an ancient bone altar of Kikubaaqudgha.
 13824 | Lair:6   | Reached skill level 5 in Evocations
 13965 | Lair:6   | Identified the ring "Wautun" {rN+ Will+ Dex+6}
 14234 | Lair:6   | Reached skill level 5 in Throwing
 14565 | D:10     | Entered Level 10 of the Dungeon
 15196 | D:10     | Found a snail-covered altar of Cheibriados.
 15349 | D:10     | Reached ****** piety under Trog
 15387 | D:10     | Found a staircase to the Orcish Mines.
 15405 | D:10     | Identified the +6 giant spiked club of Capital Punishment
                  | {vorpal, rF+ rCorr} (Trog gifted it to you on level 10 of
                  | the Dungeon)
 15405 | D:10     | Received a gift from Trog
 15775 | Orc:1    | Entered Level 1 of the Orcish Mines
 15953 | Orc:1    | Noticed an orc warlord
 15970 | D:10     | Killed an orc warlord
 16256 | Orc:2    | Entered Level 2 of the Orcish Mines
 16504 | Orc:1    | Found a shimmering blue altar of Sif Muna.
 16724 | Orc:1    | Noticed Erica
 16730 | Orc:1    | Killed Erica
 17547 | Orc:2    | Found a staircase to the Elven Halls.
 17591 | Orc:2    | HP: 11/231 [orc warrior (26)]
 17593 | Orc:2    | HP: 4/231 [orc priest/divine providence (7)]
 17845 | Orc:2    | Received a gift from Trog
 18009 | Orc:2    | Found Ekhom's Magic Scroll Emporium.
 18009 | Orc:2    | Found Xehisocu's Jewellery Emporium.
 18010 | Orc:2    | Found Vagh's Magic Scroll Emporium.
 18010 | Orc:2    | Found Biosout's Assorted Antiques.
 18020 | Orc:2    | Bought a scroll of acquirement for 780 gold pieces
 18020 | Orc:2    | Bought a scroll of magic mapping for 52 gold pieces
 18020 | Orc:2    | Bought a scroll of teleportation for 45 gold pieces
 18020 | Orc:2    | Bought a scroll of teleportation for 45 gold pieces
 18020 | Orc:2    | Acquired the +2 cloak of Pantheism {-Cast Regen+ Str+3
                  | Dex+4}
 18035 | Orc:2    | Bought a scroll of teleportation for 45 gold pieces
 18035 | Orc:2    | Bought a scroll of teleportation for 45 gold pieces
 18035 | Orc:2    | Bought a scroll of teleportation for 45 gold pieces
 18035 | Orc:2    | Bought a scroll of teleportation for 45 gold pieces
 18379 | D:11     | Reached XP level 16. HP: 163/163 MP: 15/15
 18918 | D:11     | Found a large runed translucent door.
 18918 | D:11     | Found a large runed translucent door.
 18921 | D:11     | Noticed zdrol's ghost (journeyman MiFi)
 19069 | D:11     | Killed zdrol's ghost
 19159 | D:12     | Reached skill level 16 in Unarmed Combat
 19313 | D:12     | Noticed Urug
 19319 | D:12     | Killed Urug
 19446 | D:12     | Found Ebeny's Antique Armour Emporium.
 19847 | D:13     | Noticed Kirke
 19916 | D:13     | Noticed Josephine
 19920 | D:13     | Killed Josephine
 19943 | D:13     | Killed Kirke
 20054 | D:13     | Received a gift from Trog
 20262 | D:13     | Reached skill level 17 in Unarmed Combat
 20559 | D:14     | Noticed Frances
 20571 | D:14     | Killed Frances
 20654 | D:14     | Found a gate to the Vaults.
 21200 | D:14     | Found a corrupted altar of Lugonu.
 21376 | D:14     | Reached skill level 18 in Unarmed Combat
 21830 | Shoals:1 | Entered Level 1 of the Shoals
 22043 | Shoals:1 | Noticed a kraken
 22468 | Shoals:1 | Received a gift from Trog
 22771 | Shoals:2 | Found Vianeag's Antique Weapon Emporium.
 23077 | Shoals:2 | Hit by a silver javelin thrown by a merfolk javelineer

Illustrated notes

Levels and vault maps discovered:
D:1:      minmay_arrival_open_corners, layout_loops_ring,
          hellmonk_ecumenical_altar_zigzags
D:2:      layout_basic, serial_shops, nicolae_shop_overgrown_old_shop
D:3:      layout_basic, nicolae_overflow_crystal_walls
D:4:      layout_loops_ring, mainiacjoe_overflow_boulevard,
          mainiacjoe_overflow_catwalk, temple_doors_e, hex_medium
D:5:      layout_basic, tso_oasis_becter, lightli_ossuary_entry_decrepit_ruins,
          chequers_serial_rivers_room_a
D:6:      layout_loops_ring, evilmike_ruin_ashenzari,
          gammafunk_ghost_abyssal_escape, grunt_decor_junction,
          serial_bayou_crossing
D:7:      layout_basic, pdpol_wu_jian_five_deadly_venoms,
          mainiacjoe_overflow_concentric_impassable, serial_shops, shop,
          uniq_crazy_yiuf_cottage, uniq_duvessa
D:8:      layout_gridville, beargit_hepliaklqana_dungeon_heroes, serial_shops,
          kennysheep_mini, minmay_misc_feat_enclosed, minmay_bent, uniq_maggie,
          uniq_gastronok
D:9:      layout_rooms, amcnicky_altar_gilded, mainiacjoe_overflow_brackets,
          erik_lair_orcish_takeover, chequers_big_river, uniq_grum
D:10:     layout_basic, lemuel_crystal_altar, erik_orc_3
D:11:     layout_loops_corners, ebering_ghost_disaster_area
D:12:     layout_roguey, serial_shops, shop_fountains, grunt_ministairs_4,
          kennysheep_generic_room_8, uniq_urug
D:13:     layout_roguey, uniq_josephine, uniq_kirke
D:14:     layout_rooms, lightli_vaults_fourway_checkpoint, minivault_23,
          amcnicky_altar_lugonu_corruption, uniq_frances
Temple:   pf_slimified_temple
Lair:1:   layout_misc_corridors, grunt_megastairs_4
Lair:2:   layout_cave_pods, elwin_shoals_entry_rooms
Lair:3:   layout_roguey, infiniplex_staircase_pool, lemuel_fruit_tree,
          serial_bayou_shore_a, uniq_rupert
Lair:4:   layout_gridlike, dummy_snake_entry, enter_volcano_3, st_stairs_6,
          minivault_23
Lair:5:   layout_gridlike, slime_dummy, minmay_lair_oklob_chamber
Lair:6:   hangedman_lair_caniforms_friends, layout_gridlike,
          guppyfry_lair_end_dragon, basic_altar, grunt_megastairs_2,
          infiniplex_staircase_pool_2
Shoals:1: layout_shoals
Shoals:2: layout_shoals, serial_shops, nicolae_shop_crystal
Orc:1:    layout_caves, nicolae_orc_rockfall, led_sif_book, uniq_erica
Orc:2:    st_orc_pillars, layout_caves

Skill      XL: |  1  2  3  4  5  6  7  8  9 10 11 12 13 14 15 16 |
---------------+-------------------------------------------------+-----
Unarmed Combat | 4 5 6 8 10 11 12 13 14 15 18 | 18.2
Throwing       | 2 4 6 |  6.9
Armour         | 2 4 5 6 7 |  7.7
Fighting       | 3 5 7 8 9 10 11 | 11.7
Dodging        | 3 5 7 8 9 10 11 | 11.8
Evocations     | 3 5 |  5.1

Action                   |  1- 3 |  4- 6 |  7- 9 | 10-12 | 13-15 | 16-18 || total
-------------------------+-------+-------+-------+-------+-------+-------++-------
Melee: Unarmed           |    82 |   119 |   282 |   319 |   720 |   335 ||  1857
       Punch             |     2 |     5 |    13 |    22 |    70 |    36 ||   148
Throw: Boomerang         |       |       |       |       |    37 |    88 ||   125
       Dart              |       |       |       |       |     3 |       ||     3
       Large rock        |       |       |       |       |       |     3 ||     3
Invok: Berserk           |       |     1 |     3 |     5 |    11 |     1 ||    21
       Trog's Hand       |       |       |       |     1 |     2 |       ||     3
       Brothers in Arms  |       |       |       |     1 |     1 |       ||     2
Evoke: Wand              |       |       |       |       |    11 |       ||    11
  Use: Scroll            |       |     6 |     7 |     5 |     4 |     2 ||    24
       Potion            |       |       |     9 |     2 |     1 |       ||    12
 Stab: Sleeping          |       |       |     2 |     3 |     2 |       ||     7
       Distracted        |       |       |       |       |       |     3 ||     3
Armor: Animal skin       |    20 |    14 |    73 |     4 |       |       ||   111
       Swamp dragon scal |       |       |       |   104 |   343 |   133 ||   580
Dodge: Dodged            |    38 |    39 |   121 |   179 |   451 |   228 ||  1056
